 Dungeon Crawl Stone Soup version 0.17-a0-1880-gacf7e67 (webtiles) character file.

86 kae the Insei (level 4, -2/35 HPs)
             Began as a Draconian Transmuter on Sept 21, 2015.
             Slain by an iguana (10 damage)
             ... on level 3 of the Dungeon.
             The game lasted 00:03:03 (2868 turns).

kae the Insei (Draconian Transmuter)                Turns: 2868, Time: 00:03:03

Health: -2/35      AC:  7    Str: 12    XL:     4   Next: 26%
Magic:  3/7        EV: 12    Int: 14    God:
Gold:   56         SH:  0    Dex: 12    Spells: 1 memorised, 6 levels left

rFire  . . .     SeeInvis .       - Unarmed
rCold  . . .     Clarity  .     (armour unavailable)
rNeg   . . .     SustAt   .     (no shield)
rPois  .         Gourm    .     (helmet restricted)
rElec  .         Spirit   .     d - +1 cloak
rCorr  .         Warding  .     (no gloves)
rMut   .         Stasis   .     (boots currently unavailable)
MR     .....                    (no amulet)
Stlth  +.........               (no ring)
                                (no ring)

@: appendage, very slightly contaminated, not resistant to hostile enchantments,
very unstealthy
A: unfitting armour, talons 3, cold-blooded, AC +5
a: End Transformation


You were on level 3 of the Dungeon.
You were very hungry.
You had grown temporary talons.
You visited 1 branch of the dungeon, and saw 3 of its levels.

You collected 56 gold pieces.

Inventory:

Missiles
 a - 27 arrows
Armour
 d - a +1 cloak (worn)
Scrolls
 h - a scroll of fog
 l - a scroll of enchant armour
Potions
 f - 4 potions of curing
 i - a potion of resistance
 n - a potion of flight
Books
 b - a book of Changes

   Spells                             Type                      Level
   a - Beastly Appendage              Transmutation                1
   b - Sticks to Snakes               Transmutation                2
   c - Spider Form                    Transmutation/Poison         3
   d - Ice Form                       Ice/Transmutation            4
   e - Blade Hands                    Transmutation                5
Comestibles
 c - 2 bread rations
 k - a beef jerky
 m - a slice of pizza


   Skills:
 - Level 1.1 Fighting
 - Level 1.7 Dodging
 + Level 5.1 Unarmed Combat
 - Level 2.0 Spellcasting
 - Level 2.0 Transmutations


You had 6 spell levels left.
You knew the following spells:

 Your Spells              Type           Power        Failure   Level  Hunger
a - Beastly Appendage     Trmt           #.....       12%         1    ##.....


Dungeon Overview and Level Annotations

Branches:
Dungeon (3/15)

Altars:
Cheibriados

Annotations:
D:3 kae's ghost, experienced NaFi


Innate Abilities, Weirdness & Mutations

Your plain brown scales are hard (AC +5).
Your body does not fit into most forms of armour.
You are cold-blooded and may be slowed by cold attacks.
You have claws for feet.


Message History

Your resistance to elements expires.
You start resting.
An iguana is nearby!
Casting: Beastly Appendage
Confirm with . or Enter, or press ? or * to list all spells.
You miscast Beastly Appendage.
You are very lightly contaminated with residual magic.
Multicoloured lights dance before your eyes!
Casting: Beastly Appendage
Confirm with . or Enter, or press ? or * to list all spells.
You miscast Beastly Appendage.
Waves of light ripple over your body.
Casting: Beastly Appendage
Confirm with . or Enter, or press ? or * to list all spells.
You miscast Beastly Appendage.
Nothing appears to happen.
The iguana barely misses you.
Casting: Beastly Appendage
Confirm with . or Enter, or press ? or * to list all spells.
Your feet morph into talons.
The iguana barely misses you. The iguana bites you!
You die...

*,**,*,,,,,,,**,****,******.#.#.#
*<**,****#..............,,,......
****,* #..............,,,......
*,* #..............,,,......
*,*****#.............,,,......
*,*,,,*#.............,,,......
****,*,,,##.............,,,......
*,,,>+,,,'.).....l......,,,......
*,****,,,*#.....@.......,,,......
*,****,,,*#.............,,,......
,,,,****###.............,,,,.....
*,*,*,,,................,,,,.....
*,*,*,***##......................
*,*,*,* **#......................
*,*,*,* *,#................(.....
*,*,*,***,#.....................(
*,,,,,,,.........................


You could see an iguana.

Vanquished Creatures
  An orc wizard (D:3)
  An adder (D:3)
  2 worms
  A giant gecko (D:2)
  3 orcs (D:3)
  5 giant cockroaches
  3 goblins
  3 hobgoblins (D:1)
  7 kobolds
  6 bats
  2 giant newts
  4 quokkas
  5 rats
43 creatures vanquished.

Notes
Turn   | Place    | Note
--------------------------------------------------------------
     0 | D:1      | kae the Draconian Transmuter began the quest for the Orb.
     0 | D:1      | Reached XP level 1. HP: 16/16 MP: 3/3
   260 | D:1      | Reached XP level 2. HP: 11/23 MP: 5/5
   922 | D:1      | Reached skill level 4 in Unarmed Combat
  1266 | D:2      | Reached XP level 3. HP: 23/28 MP: 6/6
  1971 | D:3      | Noticed kae's ghost (experienced NaFi)
  1980 | D:3      | Found a snail-covered altar of Cheibriados.
  2336 | D:3      | Reached skill level 5 in Unarmed Combat
  2336 | D:3      | Reached XP level 4. HP: 11/35 MP: 7/7
  2868 | D:3      | Slain by an iguana

Vault maps used:
D:1:      minmay_arrival_plants_in_alcoves, serial_forest,
          infiniplex_forest_straight_3, infiniplex_forest_lined_4_way,
          infiniplex_forest_end_2, infiniplex_forest_end_1,
          infiniplex_forest_lined_3, infiniplex_forest_clump_curved,
          infiniplex_forest_clump_medium, infiniplex_forest_zigzag_1,
          infiniplex_forest_corner_1, minivault_4
D:2:      minmay_misc_feat_five
D:3:      nicolae_overflow_crystal_walls, fedhas_altar_fruit_tree

Action                   |  1- 3 |  4- 6 || total
-------------------------+-------+-------++-------
Melee: Unarmed           |   179 |    43 ||   222
 Cast: Beastly Appendage |     4 |     3 ||     7
  Use: Scroll            |     1 |     6 ||     7
       Potion            |       |     3 ||     3
 Stab: Sleeping          |     1 |       ||     1
  Eat: Chunk             |     5 |       ||     5
